 Dungeon Crawl Stone Soup version 0.27.0-1-g7a089689b8 (webtiles) character file.

Game seed: 13574094951241066397

51 BbI4ka the Ducker (level 4, 0/34 HPs)
             Began as a Djinni Gladiator on Aug 3, 2021.
             Frozen to death by an endoplasm (1 damage)
             ... on level 2 of the Dungeon.
             The game lasted 00:01:40 (1625 turns).

BbI4ka the Ducker (Djinni Gladiator)                Turns: 1625, Time: 00:01:41

Health: 0/34       AC:  4    Str: 13    XL:     4   Next: 7%
Gold:   27         EV: 13    Int: 10    God:
                   SH:  0    Dex: 15

rFire    + + .     SeeInvis +   a - +0 rapier
rCold    x . .     Faith    .   (no shield)
rNeg     . . .     Spirit   .   b - +0 leather armour
rPois    ∞         Reflect  .   c - +0 helmet
rElec    .         Harm     .   (no cloak)
rCorr    .         Rampage  .   (no gloves)
Will     .....                  (boots unavailable)
Stlth    +.........             (no amulet)
HPRegen  0.11/turn              k - ring of see invisible
MPRegen  0.00/turn              (no ring)

@: confused, flying
A: sickness immunity, fire resistance 2, cold vulnerability 1, float, innate
caster, hp casting, extra vitality 1
a: no special abilities


You were on level 2 of the Dungeon.
You visited 1 branch of the dungeon, and saw 2 of its levels.

You collected 27 gold pieces.

Inventory:

Hand Weapons
 a - a +0 rapier (weapon)
Missiles
 d - 3 throwing nets (quivered)
Armour
 b - a +0 leather armour (worn)
 c - a +0 helmet (worn)
Jewellery
 k - a ring of see invisible (left hand)
Scrolls
 e - a scroll of enchant weapon {unknown}
 f - 3 scrolls of enchant armour {unknown}
 g - 3 scrolls of magic mapping {unknown}
 h - 2 scrolls of identify {unknown}
 i - a scroll of teleportation {unknown}
 j - a scroll of fog {unknown}


   Skills:
 + Level 2.3 Fighting
 + Level 3.1 Short Blades
 + Level 1.6 Throwing
 + Level 1.2 Armour
 + Level 3.8 Dodging
 + Level 0.5 Stealth


You had 2 spell levels left.
You knew the following spells:

 Your Spells              Type           Power      Damage    Failure   Level
a - Apportation           Tloc           0%         N/A       43%         1
Your spell library was empty.

Dungeon Overview and Level Annotations

Branches:
Dungeon (2/15)

Altars:

Annotations:
D:2 Sigmund


Innate Abilities, Weirdness & Mutations

You are immune to sickness and miasma.
You are immune to poison.
Your flesh is very heat resistant. (rF++)
You are vulnerable to cold. (rC-)
You float through the air rather than walking.
You learn spells naturally, not from books.
Your magical power is your life essence.
You have superior vitality. (+4 HP)


Message History

Sigmund hits you with a +5 scythe of pain.
You writhe in agony.
There are monsters nearby!
You hit Sigmund.
Sigmund is moderately wounded.
Sigmund hits you with a +5 scythe of pain.
You writhe in agony.
The endoplasm barely misses you.
There are monsters nearby!
You hit Sigmund.
Sigmund is moderately wounded.
Sigmund hits you with a +5 scythe of pain!
* * * LOW HITPOINT WARNING * * *
The endoplasm hits you but does no damage.
You are too injured to fight recklessly!
You are too injured to fight recklessly!
It was a potion of flight.
You feel more buoyant. Sigmund casts a spell at you.
You resist with some effort. The endoplasm barely misses you.
You closely miss Sigmund.
Sigmund is moderately wounded.
Sigmund points at you and mumbles some strange words.
You are confused.
The endoplasm freezes you.
You are frozen!
You feel a terrible chill!
* * * LOW HITPOINT WARNING * * *
You hit Sigmund.
Sigmund is heavily wounded.
Sigmund barely misses you. The endoplasm freezes you.
You are frozen.
* * * LOW HITPOINT WARNING * * *
Sigmund gestures wildly while chanting.
Sigmund flickers and vanishes for a moment.
The endoplasm hits you.
* * * LOW HITPOINT WARNING * * *
Sigmund barely misses you. The endoplasm freezes you.
You are frozen.
You die...

## #..## ...
....#.##.## #$.
#...#.....#
##..##...#..#..#
.........#.>...#
#..#....#...#.#
#.......#.....#
#.....@J@#..#
##..........####
#.#............
# ##.#.....####
####.##.#.##..#
..........##..#
...####.####..#
#.# #..#
#######.####..#


You could see Sigmund (invisible) and an endoplasm.

Vanquished Creatures
  Jessica (D:2)
  2 ball pythons (D:1)
  5 endoplasms
  A giant cockroach (D:1)
  A hobgoblin (D:1)
  3 quokkas (D:1)
  5 bats (D:1)
  2 frilled lizards
  A goblin (D:1)
  A kobold (D:1)
  3 rats (D:1)
25 creatures vanquished.

Notes
Turn   | Place    | Note
-------+----------+-------------------------------------------
     0 | D:1      | BbI4ka the Djinni Gladiator began the quest for the Orb.
     0 | D:1      | Reached XP level 1. HP: 18/18 MP: 0/0
   380 | D:1      | Reached XP level 2. HP: 23/23 MP: 0/0
  1048 | D:1      | Reached XP level 3. HP: 28/28 MP: 0/0
  1048 | D:1      | Learned a level 1 spell: Apportation
  1489 | D:2      | Noticed Jessica
  1499 | D:2      | Killed Jessica
  1500 | D:2      | Reached skill level 1 in Armour
  1500 | D:2      | Reached XP level 4. HP: 26/34 MP: 0/0
  1615 | D:2      | Noticed Sigmund
  1624 | D:2      | HP: 1/34 [endoplasm (2)]
  1625 | D:2      | Frozen to death by an endoplasm

Illustrated notes

Levels and vault maps discovered:
D:1:      eino_arrival_druids_welcome, layout_basic
D:2:      layout_loops_ring, hellmonk_ecumenical_altar_lost_god, uniq_sigmund,
          uniq_jessica

Skill      XL: |  1  2  3 |
---------------+----------+-----
Short Blades   | 3 |  3.1
Armour         | 1 |  1.2
Fighting       | |  2.3
Throwing       | |  1.6
Dodging        | |  3.8
Stealth        | |  0.5

Action                   |  1- 3 |  4- 6 || total
-------------------------+-------+-------++-------
Melee: Rapier            |    76 |     6 ||    82
  Use: Potion            |       |     1 ||     1
 Stab: Sleeping          |     2 |       ||     2
Armor: Leather armour    |    18 |     1 ||    19
Dodge: Dodged            |    47 |     6 ||    53
